 Dungeon Crawl Stone Soup version 0.32-a0-485-g70f7560b1c (webtiles) character file.

Game seed: 17350755508930585988

4484 Malificent the Thaumaturge (level 10, -3/73 HPs)
             Began as a White Draconian Necromancer on Feb 26, 2024.
             Was a Believer of Fedhas.
             Slain by a gnoll
             ... wielding a +0 flail
             ... led by a gnoll bouda
              (6 damage)
             ... on level 7 of the Dungeon.
             The game lasted 00:40:45 (9022 turns).

Malificent the Thaumaturge (DrNe)                   Turns: 9022, Time: 00:40:45

Health: -3/73      AC:  9    Str: 12    XL:     10   Next: 16%
Magic:  2/22       EV: 12    Int: 25    God:    Fedhas [**....]
Gold:   380        SH:  0    Dex: 13    Spells: 19/26 levels left

rFire   . . .        j - staff of alchemy
rCold   + + .        (no shield)
rNeg    . . .        (body armour unavailable)
rPois   +            (helmet restricted)
rElec   +            (no cloak)
rCorr   .            n - +1 pair of gloves
SInv    .            (no boots)
Will    .....        (no amulet)
Stlth   ++           e - +6 ring of intelligence
HPRegen 0.32/turn    c - ring "Anoxequx" {rElec rPois rC+ Dex+2}
MPRegen 0.18/turn

%: no passive effects
@: no status effects
A: breathe frost, AC +7, unfitting armour, cold resistance 1, cold-blooded
a: Breathe Frost, Renounce Religion, Wall of Briars


You were on level 7 of the Dungeon.
You worshipped Fedhas.
Fedhas was pleased with you.
You visited 1 branch of the dungeon, and saw 8 of its levels.

You collected 380 gold pieces.

Inventory:

Hand Weapons
 d - a +1 falchion of venom
Missiles
 p - 2 curare-tipped darts
 v - a throwing net
Armour
 n - a +1 pair of gloves (worn)
Magical Staves
 j - a staff of alchemy (weapon)
Jewellery
 c - the ring "Anoxequx" (right hand) {rElec rPois rC+ Dex+2}
   (You acquired it on level 1 of the Dungeon)

   [ring of protection from cold]

   Dex+2:     It affects your dexterity (+2).
   rC+:       It protects you from cold.
   rElec:     It insulates you from electricity.
   rPois:     It protects you from poison
 e - a +6 ring of intelligence (left hand)
 f - a ring of flight
 s - a ring of protection from cold
 t - a ring of magical power
Talismans
 w - a flux talisman
Wands
 g - a wand of iceblast (9)
 k - a wand of charming (12)
Scrolls
 b - a scroll of fog
 h - a scroll of amnesia
 m - a scroll of vulnerability
Potions
 a - a potion of brilliance
 i - a potion of degeneration {unknown}
 l - a potion of cancellation {unknown}
 o - a potion of might
 q - a potion of mutation
 r - a potion of haste {unknown}
 u - 2 potions of enlightenment


   Skills:
 + Level 1.8 Fighting
 * Level 3.6 Staves
 + Level 1.0 Ranged Weapons
 + Level 2.4 Dodging
 + Level 2.2 Stealth
 + Level 0.2 Unarmed Combat
 * Level 8.8 Spellcasting
 * Level 4.9 Conjurations
 + Level 7.2 Necromancy
 * Level 3.6 Alchemy
 * Level 4.0 Invocations
 * Level 3.6 Evocations


You had 19 spell levels left.
You knew the following spells:

 Your Spells              Type           Power      Damage    Failure   Level
a - Necrotise             Necr           100%       1d9       1%          1
b - Vampiric Draining     Necr           47%        2d9       1%          3
c - Searing Ray           Conj           70%        2d7       1%          2
d - Sting                 Conj/Alch      100%       1d9       1%          1

Your spell library contained the following spells:

 Spells                   Type           Power      Damage    Failure   Level
 Magic Dart               Conj           100%       1d8       1%          1
 Animate Dead             Necr           47%        N/A       2%          4
 Mercury Vapours          Alch/Air       60%        N/A       4%          2
 Apportation              Tloc           22%        N/A       5%          1
 Summon Small Mammal      Summ           44%        N/A       5%          1
 Curse of Agony           Necr           47%        N/A       8%          5
 Fulminant Prism          Conj/Alch      24%        3d12      10%         4
 Call Canine Familiar     Summ           11%        N/A       17%         3
 Sigil of Binding         Hex            11%        N/A       17%         3
 Flame Wave               Conj/Fire      23%        2d8       21%         4
 Dimensional Bullseye     Hex/Tloc       5%         N/A       50%         4
 Yara's Violent Unravell  Hex/Alch       15%        3d8       58%         5
 Chain Lightning          Conj/Air       11%        3d15      100%        9
 Fire Storm               Conj/Fire      11%        8d3       100%        9
 Shatter                  Erth           5%         3d8*      100%        9


Dungeon Overview and Level Annotations

Branches:
Dungeon (8/15)             Temple (0/1) D:6            Lair (0/5) D:8

Altars:
Ashenzari
Cheibriados
Dithmenos
Elyvilon
Fedhas
Okawaru
Uskayaw
Wu Jian

Shops:
D:8 *

Annotations:
D:5 2 transporters, lupinibeans's ghost, novice DrBe


Innate Abilities, Weirdness & Mutations

You can breathe waves of freezing cold which knock back foes.
Your icy white scales are hard. (AC +7)
You cannot fit into any form of body armour.
Your flesh is cold resistant. (rC+)
You are cold-blooded and may be slowed by cold attacks.


Message History

Press: ? - help, Q - select action, (/) - cycle Shift-Dir - straight line, f/p - gnoll
Aim: a gnoll, wielding a +0 club (almost dead)
You draw life force from the gnoll!
You kill the gnoll!
Fedhas appreciates your contribution to the ecosystem.
You feel life coursing into your body.
The gnoll is no longer moving quickly.
The gnoll completely misses you. The gnoll hits you with a +0 flail.
You don't have enough magic to cast this spell.
You don't have enough magic to cast this spell.
Unknown command.
The gnoll is no longer moving quickly.
The gnoll closely misses you.
You see here a +0 club.
The gnoll attacks as it pursues you! The gnoll hits you with a +0 flail.
The gnoll attacks as it pursues you! The gnoll hits you with a +0 flail.
The gnoll attacks as it pursues you! The gnoll closely misses you.
The gnoll attacks as it pursues you! The gnoll hits you with a +0 flail.
* * * LOW HITPOINT WARNING * * *
The gnoll attacks as it pursues you! The gnoll hits you with a +0 flail!
* * * LOW HITPOINT WARNING * * *
The gnoll attacks as it pursues you! The gnoll hits you with a +0 flail.
* * * LOW HITPOINT WARNING * * *
The gnoll barely misses you.
There is an open door here.
Okay, then.
You closely miss the gnoll.
Your tail-slap misses the gnoll.
The gnoll misses you.
You don't have enough magic to cast this spell.
You hit the gnoll.
The gnoll is lightly wounded.
The gnoll attacks as it pursues you! The gnoll hits you with a +0 flail.
* * * LOW HITPOINT WARNING * * *
The gnoll closely misses you.
You don't have enough magic to cast this spell.
You don't have enough magic to cast this spell.
You hit the gnoll.
The gnoll is moderately wounded.
The gnoll hits you with a +0 flail.
You die...
Fedhas appreciates your contribution to the ecosystem.

#............#######.._..####(#
#............#...###.....##...#
#............#...###.....##...#
#............#...##########...+
#............#...##########...#
#............#.###........#...#
####'######'##.#.....######...#
#......#.......#.....#...'.....
#......#......@#.....#...#..)..
#......#......gg.....#...#.....
#......#.......#.....###'##....
####'###########..........###+#
#..............................
#..............................
#................).............
#............)..>..............
#...............##########.....


You could see 2 gnolls.

Vanquished Creatures
  A two-headed ogre (D:7)
  Maggie (D:6)
  Sigmund (D:6)
  A shadow (D:7)
  Eustachio (D:4)
  4 yaks
  A steam dragon (D:7)
  4 water moccasins (D:8)
  A sky beast (D:7)
  2 ice beasts (D:6)
  An orc warrior (D:6)
  A black bear (D:6)
  An ogre (D:3)
  A phantom (D:5)
  2 kobold brigands (D:7)
  4 bullfrogs
  2 scorpions
  A gnoll bouda (D:8)
  2 bombardier beetles (D:4)
  5 hounds
  2 orc priests (D:5)
  2 jellies
  3 iguanas
  Jessica (D:3)
  2 orc wizards
  8 adders
  A gnoll (D:7)
  A shadow imp (D:6)
  A white imp (D:6)
  2 ufetubi (D:5)
  3 dart slugs
  4 ribbon worms
  10 orcs
  2 bats
  8 endoplasms
  4 giant cockroaches
  3 goblins
  2 hobgoblins (D:3)
  2 jackals (D:2)
  3 quokkas
  9 ball pythons
  7 frilled lizards
  14 kobolds
  3 rats
134 creatures vanquished.

Vanquished Creatures (collateral kills)
  A yak (D:7)
  A sky beast (D:7)
  A white imp (D:7)
  An endoplasm (D:4)
  A kobold (D:4)
  A rat (D:3)
6 creatures vanquished.

Vanquished Creatures (others)
  A yak (D:7)
  A jelly (D:6)
  2 sleepcaps (D:6)
4 creatures vanquished.

Grand Total: 144 creatures vanquished

Notes
Turn   | Place    | Note
-------+----------+-------------------------------------------
     0 | D:1      | Malificent the Draconian Necromancer began the quest for
                  | the Orb.
     0 | D:1      | Reached XP level 1. HP: 14/14 MP: 3/3
   421 | D:1      | Reached XP level 2. HP: 20/20 MP: 5/5
  1175 | D:1      | Identified a scroll of acquirement
  1175 | D:1      | Acquired the ring "Anoxequx" {rElec rPois rC+ Dex+2}
  1507 | D:2      | Reached XP level 3. HP: 26/26 MP: 4/7
  1546 | D:2      | Found a blossoming altar of Fedhas.
  1559 | D:2      | Found a faded altar of an unknown god.
  1596 | D:2      | Became a worshipper of Fedhas Madash
  2199 | D:2      | Learned a level 3 spell: Vampiric Draining
  2252 | D:2      | Learned a level 2 spell: Searing Ray
  2299 | D:2      | Reached skill level 3 in Spellcasting
  2705 | D:3      | Noticed Jessica
  2708 | D:3      | Killed Jessica
  2709 | D:3      | Reached XP level 4. HP: 33/33 MP: 4/9
  2763 | D:3      | Noticed an ogre
  2769 | D:3      | Killed an ogre
  2770 | D:3      | Reached skill level 4 in Spellcasting
  2770 | D:3      | Reached skill level 1 in Conjurations
  2770 | D:3      | Reached XP level 5. HP: 39/39 MP: 4/11
  3048 | D:3      | Reached * piety under Fedhas
  3197 | D:3      | Found a white marble altar of Elyvilon.
  3199 | D:3      | Found a snail-covered altar of Cheibriados.
  3199 | D:3      | Found a shadowy altar of Dithmenos.
  3200 | D:3      | Found an iron altar of Okawaru.
  3200 | D:3      | Found a blossoming altar of Fedhas.
  3367 | D:3      | Reached skill level 1 in Ranged Weapons
  3658 | D:4      | Reached skill level 5 in Necromancy
  3658 | D:4      | Reached XP level 6. HP: 39/46 MP: 8/12
  3667 | D:4      | HP: 2/46 [burnt (4)]
  3984 | D:4      | Noticed Eustachio
  4003 | D:4      | Killed Eustachio
  4004 | D:4      | Reached skill level 5 in Spellcasting
  4151 | D:4      | Learned a level 1 spell: Sting
  4271 | D:4      | Found a broken altar of Ashenzari.
  4336 | D:4      | Your scales start taking on an icy white colour.
  4336 | D:4      | Reached XP level 7. HP: 51/51 MP: 11/15
  4336 | D:4      | Gained mutation: Your flesh is cold resistant. (rC+) [White
                  | Draconian growth]
  4702 | D:5      | Entered Level 5 of the Dungeon
  4846 | D:5      | Found a transporter.
  5059 | D:5      | Found a transporter.
  5084 | D:5      | Reached skill level 1 in Alchemy
  5088 | D:5      | Noticed lupinibeans's ghost (novice DrBe)
  5093 | D:5      | Reached skill level 1 in Invocations
  5581 | D:6      | Found an ornate altar of the Wu Jian Council.
  5625 | D:6      | Reached ** piety under Fedhas
  5631 | D:6      | Reached skill level 1 in Evocations
  5676 | D:6      | Reached skill level 1 in Fighting
  5689 | D:6      | Reached skill level 1 in Staves
  5858 | D:6      | Reached skill level 6 in Spellcasting
  5858 | D:6      | Reached XP level 8. HP: 59/59 MP: 8/17
  5967 | D:6      | Found a staircase to the Ecumenical Temple.
  5991 | D:6      | Got the Spellbook of Red-Hot Toxicology
  6182 | D:6      | Noticed Maggie
  6185 | D:6      | Noticed Sigmund
  6205 | D:6      | Killed Maggie
  6262 | D:6      | Killed Sigmund
  6497 | D:6      | Reached skill level 7 in Spellcasting
  7357 | D:7      | Noticed a two-headed ogre
  7382 | D:7      | Killed a two-headed ogre
  7383 | D:7      | Reached XP level 9. HP: 58/66 MP: 12/20
  7873 | D:7      | Found a hide-covered altar of Uskayaw.
  8063 | D:7      | Reached skill level 8 in Spellcasting
  8576 | D:7      | Reached XP level 10. HP: 18/73 MP: 0/22
  8834 | D:8      | Found Zin's Purification Station.
  8950 | D:8      | Found a staircase to the Lair.
  9021 | D:7      | HP: 2/73 [gnoll/+0 flail[a gnoll bouda] (6)]
  9022 | D:7      | Slain by a gnoll

Illustrated notes

Levels and vault maps discovered:
D:1:      sevenhm_arrival_forest_fort_large_2, layout_loops_corners,
          hangedman_abyss_or_decor_stabs, minivault_11,
          chequers_serial_rivers_small_3
D:2:      minmay_angry_zag, layout_loops_corners, basic_altar,
          shapermc_ecumenical_altar_gd
D:3:      layout_basic, grunt_temple_overflow_open, amcnicky_mini_pool_small,
          chequers_decorated_corner, uniq_jessica
D:4:      minmay_diamond_boxcup, layout_rooms,
          mainiacjoe_overflow_concentric_impassable, minivault_14,
          uniq_eustachio
D:5:      layout_basic, gammafunk_ghost_stat_death
D:6:      layout_cave_pods, mainiacjoe_overflow_tiny_flanked,
          minmay_temple_entry_arrows, uniq_sigmund, uniq_maggie
D:7:      layout_gridville, nicolae_uskayaw_dance_studio
D:8:      layout_rooms, regret_index_xom_buried_treasure, zin_purify,
          due_lair_maze_entry_diamond, water_maze_lemuel, uniq_psyche

Skill      XL: |  1  2  3  4  5  6  7  8  9 10 |
---------------+-------------------------------+-----
Spellcasting   | 3 4 5 6 7 8 |  8.8
Conjurations   | 1 2 4 |  4.9
Stealth        | 2 |  2.2
Ranged Weapons | 1 |  1.0
Necromancy     | 5 6 7 |  7.2
Dodging        | 2 |  2.4
Alchemy        | 1 2 3 |  3.6
Invocations    | 1 3 4 |  4.0
Evocations     | 1 2 3 |  3.6
Fighting       | 1 |  1.8
Staves         | 1 2 3 |  3.6
Unarmed Combat | |  0.2

Action                     |  1- 3 |  4- 6 |  7- 9 | 10-12 || total
---------------------------+-------+-------+-------+-------++-------
  Melee: Unarmed           |    10 |       |       |       ||    10
         Tailslap          |     2 |     5 |    12 |       ||    19
         Falchion          |       |    27 |       |       ||    27
         Long sword        |       |     1 |       |       ||     1
         Staff             |       |     4 |    70 |    14 ||    88
   Fire: Sling             |    33 |     9 |       |       ||    42
   Cast: Necrotise         |    63 |    48 |    52 |     6 ||   169
         Vampiric Draining |     1 |     2 |    42 |    15 ||    60
         Searing Ray       |     1 |       |     5 |       ||     6
         Sting             |       |     8 |    61 |     2 ||    71
 Invoke: Wall of Briars    |       |       |     2 |       ||     2
Ability: Breathe Frost     |       |       |     1 |       ||     1
  Evoke: Wand              |       |       |     9 |       ||     9
    Use: Scroll            |     3 |     8 |     6 |     1 ||    18
         Potion            |       |     3 |     2 |       ||     5
 Armour: Skin              |    25 |    42 |   153 |    38 ||   258
  Dodge: Dodged            |    38 |    76 |   140 |    33 ||   287

Table legend: (Time is in decaauts)
 A = Elapsed time spent in this place.
 B = Non-inter-level travel time spent in this place.
 C = Inter-level travel time spent in this place.
 D = Time resting spent in this place.
 E = Time spent auto-exploring this place.
 F = Levels seen in this place.
 G = Mean time per level.
                   A        B        C        D        E       F      G
               +--------+--------+--------+--------+--------+-----+--------+
         Total |   9069 |   8876 |    193 |   1951 |   5214 |   8 | 1133.6 |
       Dungeon |   9069 |   8876 |    193 |   1951 |   5214 |   8 | 1133.6 |
               +--------+--------+--------+--------+--------+-----+--------+

Top non-repeatable levels by time:
     D:7: 1862 daAuts
     D:2: 1463 daAuts
     D:6: 1438 daAuts
     D:1: 1207 daAuts
     D:4: 1052 daAuts
     D:3: 1011 daAuts
     D:5: 879 daAuts
     D:8: 154 daAuts
